Map: Ascension to Aiur LE

Players

Harstem

  • Race: Protoss Protoss
  • League: Master
  • Spawn Location: 11:00

SortOf - Winner!

  • Race: Zerg Zerg
  • League: Master
  • Spawn Location: 5:00

Event: HomeStory Cup XV

VOD

Have the link to the VOD?

Description

Time

  • Played on: July 22, 2017, 11:31 a.m.
  • Length: 7:53

All games in this series

Show
View Real Time Build Order
Export as new Build Order

Harstem Protoss 

Build Orders: 1 Gate Expand, Zealot Archon, Dark Templar Rush 

Get SALT Encoding   

  12  0:01  Probe (Chrono Boost)  
  13  0:11  Probe (Chrono Boost)  
  14  0:18  Pylon  
  14  0:22  Probe (Chrono Boost)  
  15  0:37  Probe (Chrono Boost)  
  15  0:39  Gateway  
  16  0:47  Probe (Chrono Boost)  
  16  0:49  Assimilator  
  17  0:58  Probe (Chrono Boost)  
  18  1:08  Probe (Chrono Boost)  
  19  1:19  Probe (Chrono Boost)  
  20  1:26  Nexus  
  20  1:34  Cybernetics Core  
  20  1:36  Probe (Chrono Boost)  
  21  1:46  Assimilator  
  21  1:47  Probe (Chrono Boost)  
  21  1:53  Pylon  
  22  1:57  Probe (Chrono Boost)  
  23  2:11  Probe (Chrono Boost), Adept (Chrono Boost)  
  23  2:12  Warp Gate  
  26  2:23  Probe  
  26  2:24  Twilight Council  
  27  2:35  Probe  
  27  2:36  Stalker (Chrono Boost)  
  30  2:38  Probe  
  31  2:47  Probe  
  31  2:48  Probe  
  33  2:54  Robotics Facility  
  33  2:59  Probe (Chrono Boost)  
  33  3:00  Probe (Chrono Boost)  
  35  3:10  Probe (Chrono Boost)  
  35  3:11  Probe (Chrono Boost)  
  37  3:20  Dark Shrine  
  37  3:21  Probe x2 (Chrono Boost)  
  37  3:25  Gateway  
  39  3:31  Probe (Chrono Boost)  
  41  3:36  Mothership Core (Chrono Boost)  
  41  3:41  Pylon  
  42  3:42  Probe (Chrono Boost)  
  42  3:43  Warp Prism (Chrono Boost)  
  45  3:50  Gateway  
  45  3:54  Gateway  
  45  3:55  Probe  
  46  3:57  Probe (Chrono Boost)  
  47  4:06  Assimilator  
  47  4:07  Probe (Chrono Boost)  
  47  4:09  Probe (Chrono Boost)  
  49  4:10  Assimilator  
  49  4:11  Pylon  
  49  4:18  Probe (Chrono Boost)  
  49  4:20  Probe (Chrono Boost)  
  51  4:28  Probe (Chrono Boost)  
  51  4:30  Probe (Chrono Boost)  
  53  4:33  Dark Templar x2  
  53  4:35  Pylon  
  57  4:39  Probe (Chrono Boost)  
  57  4:43  Nexus  
  57  4:44  Probe (Chrono Boost)  
  59  4:55  Dark Templar  
  59  4:56  Dark Templar  
  59  4:58  Archon  
  63  5:01  Probe  
  63  5:05  Probe  
  63  5:06  Archon  
  65  5:11  Pylon  
  65  5:12  Pylon  
  65  5:13  Probe  
  68  5:18  Probe  
  68  5:20  Forge  
  68  5:21  Charge (Chrono Boost)  
  69  5:36  Probe  
  69  5:38  Zealot x3, Probe  
  69  5:39  Immortal (Chrono Boost)  
  79  5:44  Gateway  
  79  5:47  Gateway  
  79  5:48  Probe, Protoss Ground Weapons Level 1 (Chrono Boost)  
  79  5:49  Sentry  
  82  5:50  Pylon  
  82  5:52  Probe  
  83  6:02  Probe x2  
  83  6:03  Gateway  
  85  6:05  Probe  
  86  6:13  Zealot x2  
  86  6:15  Probe  
  86  6:18  Pylon, Immortal (Chrono Boost)  
  92  6:19  Probe  
  92  6:25  Probe  
  97  6:27  Probe  
  97  6:31  Probe  
  99  6:33  Templar Archives  
  99  6:36  Zealot x2  
  99  6:38  Zealot  
  105  6:40  Dark Templar  
  105  6:44  Sentry x2  
  111  6:49  Photon Cannon  
  111  6:53  Pylon  
  111  6:54  Pylon x2  
  109  7:05  Zealot x4  
  109  7:06  Immortal  
  97  7:09  Zealot x3  
  99  7:16  Zealot  
  99  7:22  Probe x2  
  97  7:24  Probe  
  97  7:25  Pylon  
  97  7:27  Zealot x2  
  97  7:29  Gateway  
  102  7:30  Zealot x2  
  102  7:39  Zealot x2  
Show
View Real Time Build Order
Export as new Build Order

SortOf Zerg - Winner!

Build Orders: Hatch First 

Get SALT Encoding   

  12  0:01  Drone  
  13  0:13  Overlord  
  13  0:18  Drone  
  14  0:32  Drone x2  
  16  0:36  Drone  
  17  0:51  Hatchery  
  17  0:55  Drone  
  17  0:58  Drone  
  18  1:08  Extractor  
  17  1:13  Spawning Pool  
  17  1:16  Drone  
  17  1:19  Drone  
  18  1:29  Drone  
  19  1:39  Overlord  
  19  1:51  Drone  
  20  2:00  Queen  
  22  2:01  Zergling x2  
  22  2:03  Queen  
  22  2:04  Zergling x2  
  22  2:08  Metabolic Boost  
  26  2:12  Drone  
  26  2:15  Drone  
  28  2:24  Drone  
  28  2:29  Drone  
  30  2:37  Hatchery  
  30  2:40  Drone  
  30  2:45  Overlord  
  30  2:47  Drone  
  30  2:49  Drone  
  32  2:55  Drone  
  33  3:00  Queen  
  33  3:02  Zergling x2  
  36  3:06  Drone  
  36  3:09  Drone  
  36  3:10  Drone  
  38  3:15  Drone x2  
  38  3:18  Drone x2  
  42  3:21  Overlord  
  42  3:22  Zergling x2  
  43  3:28  Lair  
  43  3:33  Overlord  
  43  3:41  Queen  
  43  3:45  Drone x3  
  43  3:47  Drone  
  43  3:48  Drone x2  
  50  3:52  Drone x2  
  53  3:56  Extractor  
  53  3:58  Drone x2  
  53  4:01  Spore Crawler, Drone  
  54  4:03  Drone  
  54  4:04  Extractor  
  54  4:08  Queen  
  56  4:13  Overlord  
  56  4:14  Drone  
  57  4:20  Zergling x8  
  61  4:26  Hydralisk Den  
  61  4:27  Overlord  
  60  4:33  Drone x3  
  60  4:34  Drone x2  
  60  4:35  Extractor  
  60  4:37  Overseer  
  64  4:41  Drone  
  65  5:03  Hydralisk x6  
  73  5:10  Drone  
  73  5:11  Drone x3  
  73  5:12  Overlord  
  77  5:17  Muscular Augments  
  77  5:20  Hydralisk  
  79  5:21  Overlord  
  79  5:31  Hydralisk x2  
  79  5:33  Zergling x12  
  85  5:37  Hydralisk  
  85  5:38  Hydralisk  
  89  5:44  Hydralisk  
  89  5:47  Hydralisk  
  89  5:49  Overlord  
  93  5:50  Overlord x2  
  93  5:51  Zergling x2  
  94  5:59  Hydralisk  
  94  6:00  Baneling Nest  
  94  6:01  Overlord  
  95  6:04  Hydralisk  
  95  6:06  Overlord  
  95  6:07  Overlord  
  95  6:09  Hydralisk  
  99  6:13  Hydralisk  
  99  6:15  Zergling x4  
  103  6:19  Zergling x6  
  103  6:25  Zergling x8  
  110  6:29  Hydralisk x2  
  114  6:38  Zergling x10  
  118  6:43  Baneling x8  
  118  6:44  Baneling x2  
  118  6:52  Hydralisk x2  
  118  6:53  Zergling x6  
  118  6:54  Zergling x2  
  126  6:56  Zergling x2  
  126  6:59  Overseer  
  121  7:08  Hydralisk, Drone  
  110  7:10  Hydralisk x2  
  110  7:15  Zergling x4  
  108  7:20  Hydralisk  
  104  7:24  Baneling x4  
  107  7:37  Baneling  
Tags
 
Add a new tag
Caveats
  • Supply blocks, unpowered buildings, or Contaminate may cause inaccurate times.
  • Supply counts are checked every 10 seconds.